 Dungeon Crawl Stone Soup version 0.28.0-1-gb440e238dd (webtiles) character file.

Game seed: 571689839999534254

131 themarg the Transmogrifier (level 5, -2/43 HPs)
             Began as a Gnoll Wanderer on Feb 19, 2022.
             Slain by Grinder (6 damage)
             ... on level 4 of the Dungeon.
             The game lasted 00:11:06 (3934 turns).

themarg the Transmogrifier (Gnoll Wanderer)         Turns: 3934, Time: 00:11:07

Health: -2/43      AC:  4    Str: 12    XL:     5   Next: 14%
Magic:  9/9        EV: 11    Int: 11    God:
Gold:   163        SH:  0    Dex: 13    Spells: 4/10 levels left

rFire   . . .      SeeInvis .   f - +2 dagger (venom)
rCold   . . .      Faith    .   (no shield)
rNeg    . . .      Spirit   .   b - +0 leather armour
rPois   .          Reflect  .   (no helmet)
rElec   .          Harm     .   (no cloak)
rCorr   +          Rampage  .   (no gloves)
Will    .....                   n - +0 pair of boots
Stlth   +.........              (no amulet)
HPRegen 0.14/turn               k - ring of resist corrosion
MPRegen 0.11/turn               (no ring)

@: no status effects
A: fangs 1, strong nose, distributed training
a: no special abilities


You were on level 4 of the Dungeon.
You visited 1 branch of the dungeon, and saw 4 of its levels.

You collected 163 gold pieces.

Inventory:

Hand Weapons
 d - a +0 hand axe of electrocution
 f - a +2 dagger of venom (weapon)
 i - a +1 spear of flaming
Missiles
 e - 90 stones (quivered)
 o - 2 poisoned darts
 r - 24 bolts
Armour
 b - a +0 leather armour (worn)
 n - a +0 pair of boots (worn)
Jewellery
 k - a ring of resist corrosion (left hand)
Wands
 p - a wand of iceblast (9)
Scrolls
 g - 2 scrolls of identify
 h - a scroll of vulnerability {unknown}
 j - a scroll of magic mapping {unknown}
 l - a scroll of teleportation {unknown}
 q - a scroll of holy word {unknown}
Potions
 a - a potion of heal wounds
 c - 3 potions of curing
 m - a potion of invisibility


   Skills:
 + Level 4.7 Fighting
 + Level 1.4 Short Blades
 + Level 1.4 Long Blades
 + Level 1.4 Axes
 + Level 1.4 Maces & Flails
 + Level 1.4 Polearms
 + Level 1.4 Staves
 + Level 1.4 Slings
 + Level 1.4 Bows
 + Level 1.4 Crossbows
 + Level 1.4 Throwing
 + Level 1.4 Armour
 + Level 1.4 Dodging
 + Level 1.4 Stealth
 + Level 1.4 Shields
 + Level 1.4 Unarmed Combat
 + Level 3.1 Spellcasting
 + Level 1.1 Conjurations
 + Level 1.1 Hexes
 + Level 1.1 Summonings
 + Level 1.1 Necromancy
 + Level 1.1 Translocations
 + Level 8.8 Transmutations
 + Level 3.9 Fire Magic
 + Level 1.1 Ice Magic
 + Level 1.1 Air Magic
 + Level 1.1 Earth Magic
 + Level 1.1 Poison Magic
 + Level 1.5 Invocations
 + Level 1.4 Evocations


You had 4 spell levels left.
You knew the following spells:

 Your Spells              Type           Power      Damage    Failure   Level
a - Sting                 Tmut/Pois      48%        1d5       4%          1
b - Foxfire               Conj/Fire      28%        2x1d5     12%         1
c - Wereblood             Tmut           21%        N/A       1%          2
d - Passwall              Tmut/Erth      10%        N/A       6%          2

Your spell library contained the following spells:

 Spells                   Type           Power      Damage    Failure   Level
 Ignite Poison            Fire/Tmut/Pois 11%        N/A       14%         3
 Sandblast                Erth           8%         2d5       21%         1
 Conjure Flame            Conj/Fire      7%         6-21      34%         3
 Inner Flame              Hex/Fire       7%         N/A       34%         3
 Petrify                  Tmut/Erth      12%        N/A       38%         4
 Gell's Gravitas          Tloc           4%         N/A       52%         3
 Lesser Beckoning         Tloc           4%         N/A       52%         3
 Mephitic Cloud           Conj/Pois/Air  4%         N/A       52%         3
 Stone Arrow              Conj/Erth      8%         3d7       52%         3
 Teleport Other           Tloc           4%         N/A       52%         3
 Sticky Flame             Conj/Fire      7%         2d3       75%         4
 Freezing Cloud           Conj/Ice/Air   2%         6-21      99%         5


Dungeon Overview and Level Annotations

Branches:
Dungeon (4/15)
 Temple: D:4-7

Altars:

Shops:
D:3 :

Annotations:
D:4 Grinder


Innate Abilities, Weirdness & Mutations

You have very sharp teeth.
Your uncanny sense of smell can sniff out nearby items.
Your experience applies equally to all skills.


Message History

You closely miss Grinder. You bite Grinder, but do no damage.
Grinder is almost dead.
Grinder hits you.
* * * LOW HITPOINT WARNING * * *
You writhe in agony.
* * * LOW HITPOINT WARNING * * *
You hit Grinder but do no damage.
Grinder is almost dead.
Grinder blinks!
Grinder blinks!
You climb upwards.
There is a stone staircase leading down here.
You start resting.
HP restored.
You climb downwards.
Level annotation: Grinder Grinder gestures at you.
Pain shoots through your body!
There is a stone staircase leading up, spattered with blood here.
Grinder hits you.
You writhe in agony.
You see here a hobgoblin skeleton.
You closely miss Grinder.
Grinder is moderately wounded.
Grinder gestures at you. You resist with significant effort.
You hit Grinder but do no damage.
Grinder is poisoned.
You bite Grinder.
Grinder is moderately wounded.
You barely miss Grinder.
Grinder is moderately wounded.
Grinder hits you.
You writhe in agony.
You barely miss Grinder.
Grinder is moderately wounded.
Grinder hits you!
* * * LOW HITPOINT WARNING * * *
You hit Grinder but do no damage.
Grinder is moderately wounded.
Grinder hits you.
* * * LOW HITPOINT WARNING * * *
You writhe in agony.
You die...

#####5# #.#
#.# ..# #)#
#.# #.# #.#
#.# #######.#
#)#
......#.###.#
####.......#
#.5@<..#####
#.###### #.#
#.#
.########.#
...<......#
########..####
#.....#
#.###.##


You could see Grinder (very poisoned).

Vanquished Creatures
  A gnoll (D:1)
  4 adders
  A worm (D:3)
  4 dart slugs
  An orc (D:3)
  6 endoplasms
  6 giant cockroaches
  5 goblins
  6 hobgoblins
  6 jackals
  11 ball pythons
  3 bats
  6 frilled lizards
  9 kobolds
  A quokka skeleton (D:4)
  4 rats
74 creatures vanquished.

Notes
Turn   | Place    | Note
-------+----------+-------------------------------------------
     0 | D:1      | themarg the Gnoll Wanderer began the quest for the Orb.
     0 | D:1      | themarg set off with the following items: a +0 club, a +0
                  | leather armour, a potion of curing; and the following
                  | spells available to memorise: Wereblood, Sting, Foxfire,
                  | Inner Flame, Petrify
     0 | D:1      | Reached XP level 1. HP: 20/20 MP: 4/4
     2 | D:1      | Learned a level 1 spell: Sting
     4 | D:1      | Learned a level 1 spell: Foxfire
   395 | D:1      | Reached XP level 2. HP: 9/26 MP: 5/5
   990 | D:1      | Reached XP level 3. HP: 29/31 MP: 7/7
  1087 | D:1      | Found a faded altar of an unknown god.
  1240 | D:1      | Reached skill level 1 in Invocations
  1613 | D:2      | Reached skill level 1 in Short Blades
  1613 | D:2      | Reached skill level 1 in Long Blades
  1613 | D:2      | Reached skill level 1 in Axes
  1613 | D:2      | Reached skill level 1 in Maces & Flails
  1613 | D:2      | Reached skill level 1 in Polearms
  1613 | D:2      | Reached skill level 1 in Staves
  1613 | D:2      | Reached skill level 1 in Slings
  1613 | D:2      | Reached skill level 1 in Bows
  1613 | D:2      | Reached skill level 1 in Crossbows
  1613 | D:2      | Reached skill level 1 in Throwing
  1613 | D:2      | Reached skill level 1 in Armour
  1613 | D:2      | Reached skill level 1 in Dodging
  1613 | D:2      | Reached skill level 1 in Stealth
  1613 | D:2      | Reached skill level 1 in Shields
  1613 | D:2      | Reached skill level 1 in Unarmed Combat
  1613 | D:2      | Reached skill level 1 in Evocations
  1786 | D:2      | Reached XP level 4. HP: 38/38 MP: 8/8
  2450 | D:3      | Reached skill level 1 in Conjurations
  2450 | D:3      | Reached skill level 1 in Hexes
  2450 | D:3      | Reached skill level 1 in Summonings
  2450 | D:3      | Reached skill level 1 in Necromancy
  2450 | D:3      | Reached skill level 1 in Translocations
  2450 | D:3      | Reached skill level 1 in Ice Magic
  2450 | D:3      | Reached skill level 1 in Air Magic
  2450 | D:3      | Reached skill level 1 in Earth Magic
  2450 | D:3      | Reached skill level 1 in Poison Magic
  2509 | D:3      | Found Kadeoss's Book Shoppe.
  3297 | D:4      | Reached XP level 5. HP: 43/43 MP: 9/9
  3387 | D:4      | Learned a level 2 spell: Wereblood
  3390 | D:4      | Learned a level 2 spell: Passwall
  3426 | D:4      | Noticed Grinder
  3427 | D:4      | Paralysed by Grinder for 4 turns
  3437 | D:4      | Paralysed by Grinder for 3 turns
  3934 | D:4      | Slain by Grinder

Illustrated notes

Levels and vault maps discovered:
D:1:      dpeg_arrival_shelter, layout_loops_ring,
          shapermc_ecumenical_altar_ellora
D:2:      layout_basic, nrook_uturn, minmay_tall_x
D:3:      layout_basic, serial_shops, shop, minmay_misc_feat_iff,
          eino_tiny_chamber, roderic_roman_lattice
D:4:      layout_loops_ring, temple_green, minmay_misc_feat_cross, uniq_grinder

Skill      XL: |  1  2  3  4 |
---------------+-------------+-----
Invocations    | 1 |  1.5
Short Blades   | 1 |  1.4
Long Blades    | 1 |  1.4
Axes           | 1 |  1.4
Maces & Flails | 1 |  1.4
Polearms       | 1 |  1.4
Staves         | 1 |  1.4
Slings         | 1 |  1.4
Bows           | 1 |  1.4
Crossbows      | 1 |  1.4
Throwing       | 1 |  1.4
Armour         | 1 |  1.4
Dodging        | 1 |  1.4
Stealth        | 1 |  1.4
Shields        | 1 |  1.4
Unarmed Combat | 1 |  1.4
Evocations     | 1 |  1.4
Spellcasting   | 3 |  3.1
Conjurations   | 1 |  1.1
Hexes          | 1 |  1.1
Summonings     | 1 |  1.1
Necromancy     | 1 |  1.1
Translocations | 1 |  1.1
Ice Magic      | 1 |  1.1
Air Magic      | 1 |  1.1
Earth Magic    | 1 |  1.1
Poison Magic   | 1 |  1.1
Fighting       | |  4.7
Transmutations | |  8.8
Fire Magic     | |  3.9

Action                   |  1- 3 |  4- 6 || total
-------------------------+-------+-------++-------
Melee: Club              |    35 |       ||    35
       Bite              |     7 |    14 ||    21
       Dagger            |    86 |   114 ||   200
       Punch             |     1 |     1 ||     2
  Use: Scroll            |       |     2 ||     2
 Stab: Sleeping          |     1 |     2 ||     3
Armor: Leather armour    |    24 |    16 ||    40
Dodge: Dodged            |    78 |    55 ||   133
